 Dungeon Crawl Stone Soup version 0.30.0-29-ga12c61a403 (webtiles) character file.

Game seed: 14822383263528355513

1096 Graphine the Ducker (level 8, -7/62 HPs)
             Began as a Merfolk Gladiator on June 3, 2023.
             Killed from afar by an electric eel (11 damage)
             ... with a bolt of electricity
             ... on level 6 of the Dungeon.
             The game lasted 00:12:42 (4209 turns).

Graphine the Ducker (Merfolk Gladiator)             Turns: 4209, Time: 00:12:42

Health: -7/62      AC: 23    Str: 14    XL:     8   Next: 31%
Magic:  8/8        EV:  6    Int:  8    God:
Gold:   200        SH:  9    Dex: 17    Spells: 7/7 levels left

rFire   . . .        a - +0 long sword
rCold   . . .        o - +0 kite shield
rNeg    . . .        f - +9 plate armour {ponderous}
rPois   +            c - +0 helmet
rElec   .            i - +0 cloak
rCorr   .            n - +0 pair of gloves
SInv    .            (boots currently unavailable)
Will    .....        p - amulet of the acrobat Stlth
                     v - ring of poison resistance
HPRegen 0.30/turn    (no ring)
MPRegen 0.11/turn

%: acrobat
@: very quick
A: nimble swimmer 2, mertail
a: no special abilities


You were on level 6 of the Dungeon.
You visited 1 branch of the dungeon, and saw 6 of its levels.

You collected 200 gold pieces.

Inventory:

Hand Weapons
 a - a +0 long sword (weapon)
 b - a +2 mace of protection
 j - a +0 hand axe
Missiles
 d - 3 throwing nets (quivered)
 t - a javelin
Armour
 c - a +0 helmet (worn)
 f - a +9 plate armour of ponderousness (worn)
 i - a +0 cloak (worn)
 n - a +0 pair of gloves (worn)
 o - a +0 kite shield (worn)
Jewellery
 k - a ring of ice
 p - an amulet of the acrobat (around neck)
 v - a ring of poison resistance (left hand)
 w - a ring of ice
 x - a ring of flight
Wands
 y - a wand of paralysis (8)
 z - a wand of flame (22)
Scrolls
 g - a scroll of poison
 h - a scroll of teleportation
 C - a scroll of identify
Potions
 e - a potion of degeneration {unknown}
 l - 2 potions of brilliance
 m - a potion of curing
 q - 2 potions of resistance {unknown}
 r - 2 potions of flight {unknown}
 s - 3 potions of lignification {unknown}
 u - 2 potions of mutation {unknown}
 A - a potion of berserk rage {unknown}
 B - a potion of haste


   Skills:
 + Level 5.1 Fighting
 + Level 6.3 Long Blades
 - Level 2.2 Throwing
 + Level 2.9 Armour
 + Level 7.0 Dodging
 + Level 3.6 Shields


You had 7 spell levels left.
You didn't know any spells.
Your spell library contained the following spells:

 Spells                   Type           Power      Damage    Failure   Level
 Magic Dart               Conj           0%         1d3       100%        1
 Lesser Beckoning         Tloc           0%         N/A       100%        2
 Searing Ray              Conj           0%         2d4       100%        2
 Gell's Gravitas          Tloc           0%         N/A       100%        3
 Teleport Other           Tloc           0%         N/A       100%        3
 Fulminant Prism          Conj/Hex       0%         3d5       100%        4


Dungeon Overview and Level Annotations

Branches:
Dungeon (6/15)
 Temple: D:4-7

Altars:
Elyvilon
Vehumet
Wu Jian
Yredelemnul
Zin
The Shining One

Shops:
D:1 (


Innate Abilities, Weirdness & Mutations

You are very nimble when in or above water. (Stealth+, EV+, Speed+++)
Your lower body shifts to a powerful aquatic tail in water.


Message History

The electric eel completely resists.
The bolt of electricity hits you.
A centaur comes into view.
You closely miss the electric eel.
The electric eel is severely wounded.
The centaur shouts!
The electric eel shoots out a bolt of lightning at you!
The bolt of electricity hits the electric eel.
The electric eel completely resists.
The bolt of electricity hits you!
The electric eel shoots out a bolt of lightning at you!
The bolt of electricity hits you!
The centaur wields a +0 shortbow.
The centaur shoots an arrow.
The arrow hits you but does no damage.
A cyclops comes into view.
You are too injured to fight recklessly!
Unknown command.
Okay, then.
Throw: 3 throwing nets
Press: ? - help, Q - select action, (/) - cycle Shift-Dir - straight line, f - you
Okay, then.
Unknown command.
The air fills with toxic fumes!
As you read the scroll of poison, it crumbles to dust.
The cyclops shouts!
The centaur shoots an arrow.
The arrow hits you but does no damage.
Hit: a) +0 long sword
Press: ? - help, Dir - move target, f - electric eel
Aim: an electric eel (severely wounded, about 52% to evade your +0 long sword)
You hit the electric eel.
The electric eel is almost dead.
The electric eel shoots out a bolt of lightning at you!
The bolt of electricity hits the electric eel.
The electric eel completely resists.
The bolt of electricity hits you!
* * * LOW HITPOINT WARNING * * *
The electric eel shoots out a bolt of lightning at you!
The bolt of electricity hits you!
* * * LOW HITPOINT WARNING * * *
The centaur shoots an arrow.
The arrow hits you but does no damage.
The electric eel shoots out a bolt of lightning at you!
The bolt of electricity misses the electric eel.
The bolt of electricity hits you!
You die...

#§§§ #S§§§
#§§§§§ #§§§§§§
##§§§§§§§
#§§§§§§c§
#§S§§§§§§
####@§§O§§§8
#§§§§§§§§§§C
#§§§§§§§§§§.
#§##§§§§§§§8
#§##§§§§§§§§
####.##§§§§§§§§
#.....##§§§§§§§
#.##.#.##§§§§§§
# #.###.##~~~~


You could see a two-headed ogre, a cyclops, a centaur and 2 electric eels.

Vanquished Creatures
  Menkaure (D:6)
  2 vampire mosquitoes (D:6)
  An ice beast (D:5)
  An ogre (D:4)
  A phantom (D:6)
  A scorpion (D:4)
  2 jellies (D:6)
  3 hounds
  A sleepcap (D:6)
  Jessica (D:3)
  2 iguanas
  Natasha (D:3)
  A hound zombie (D:3)
  3 adders
  3 gnolls (D:5)
  A shadow imp (D:6)
  13 orcs
  9 endoplasms
  3 giant cockroaches
  6 hobgoblins
  5 jackals
  A quokka (D:1)
  8 ball pythons
  8 bats
  A frilled lizard (D:2)
  A jackal zombie (D:3)
  6 kobolds
  2 rats
88 creatures vanquished.

Notes
Turn   | Place    | Note
-------+----------+-------------------------------------------
     0 | D:1      | Graphine the Merfolk Gladiator began the quest for the Orb.
     0 | D:1      | Reached XP level 1. HP: 16/16 MP: 1/1
    10 | D:1      | You fall into a shaft and drop 1 floor!
    43 | D:2      | Reached XP level 2. HP: 22/23 MP: 2/2
    81 | D:2      | Reached XP level 3. HP: 14/28 MP: 3/3
   928 | D:1      | Found Ryjyvij's Weapon Emporium.
  1082 | D:1      | Reached XP level 4. HP: 28/34 MP: 4/4
  1569 | D:3      | Found a glowing silver altar of Zin.
  1579 | D:3      | Noticed Natasha
  1585 | D:3      | Killed Natasha
  1586 | D:3      | Reached skill level 1 in Armour
  1651 | D:3      | Noticed Jessica
  1653 | D:3      | Found a white marble altar of Elyvilon.
  1657 | D:3      | Killed Jessica
  1658 | D:3      | Reached skill level 5 in Dodging
  1658 | D:3      | Reached XP level 5. HP: 40/41 MP: 5/5
  1810 | D:3      | Found a basalt altar of Yredelemnul.
  1908 | D:4      | Reached skill level 1 in Shields
  1910 | D:4      | Reached XP level 6. HP: 33/47 MP: 6/6
  2030 | D:4      | Found an ornate altar of the Wu Jian Council.
  2162 | D:4      | HP: 1/47 [ogre/+0 giant club (18)]
  2166 | D:4      | Reached skill level 5 in Long Blades
  2821 | D:5      | Entered Level 5 of the Dungeon
  2834 | D:5      | Noticed an ice beast
  2841 | D:5      | Killed an ice beast
  2929 | D:5      | Reached XP level 7. HP: 47/54 MP: 7/7
  2994 | D:5      | Found a glowing golden altar of the Shining One.
  2999 | D:5      | Found a radiant altar of Vehumet.
  3668 | D:6      | Noticed a vampire mosquito
  3669 | D:6      | Noticed a vampire mosquito
  3678 | D:6      | Killed a vampire mosquito
  3679 | D:6      | Reached skill level 6 in Dodging
  3710 | D:6      | Killed a vampire mosquito
  3998 | D:6      | Reached XP level 8. HP: 61/61 MP: 8/8
  4032 | D:6      | Noticed Menkaure
  4039 | D:6      | Killed Menkaure
  4040 | D:6      | Reached skill level 5 in Fighting
  4180 | D:6      | Reached skill level 7 in Dodging
  4204 | D:6      | Noticed a two-headed ogre
  4207 | D:6      | Noticed a cyclops
  4209 | D:6      | Killed from afar by an electric eel

Illustrated notes

Levels and vault maps discovered:
D:1:      erik_arrival_cave_to_civilisation [erik_arrival_cave_to_hall],
          layout_rooms, serial_shops, shop
D:2:      layout_basic
D:3:      layout_rooms, mainiacjoe_overflow_boulevard,
          mainiacjoe_overflow_cross_hatched, lemuel_zombie_altar_yredelemnul,
          uniq_natasha, uniq_jessica
D:4:      layout_layer_cave, nzn_wu_jian_council_hall, serial_park_tiny_2,
          moated_statue
D:5:      lemuel_ice_spiral_2, layout_basic, mainiacjoe_overflow_big_doors
D:6:      kennysheep_big_flooded_room, layout_loops_ring, serial_aquarium,
          aquarium_bridge_long_separate [aquarium_subvault_bridge,
          aquarium_subvault_wall, aquarium_subvault_bridge,
          aquarium_subvault_bridge, aquarium_subvault_window,
          aquarium_subvault_wall], aquarium_bridge_square
          [aquarium_subvault_bridge, aquarium_subvault_bridge,
          aquarium_subvault_wall, aquarium_subvault_bridge],
          aquarium_window_fake, aquarium_window_fake, aquarium_view_2c,
          uniq_crazy_yiuf_cottage, uniq_menkaure

Skill      XL: |  1  2  3  4  5  6  7  8 |
---------------+-------------------------+-----
Long Blades    | 4 5 6 |  6.3
Fighting       | 3 4 5 |  5.1
Armour         | 1 2 |  2.9
Dodging        | 5 6 7 |  7.0
Shields        | 1 2 3 |  3.6
Throwing       | |  2.2

Action                     |  1- 3 |  4- 6 |  7- 9 || total
---------------------------+-------+-------+-------++-------
  Melee: Long sword        |   110 |   120 |   141 ||   371
         Punch             |       |     3 |       ||     3
  Throw: Javelin           |       |     1 |       ||     1
  Evoke: Wand              |       |       |     1 ||     1
    Use: Scroll            |       |    15 |     1 ||    16
         Potion            |       |     2 |     3 ||     5
   Stab: Paralysed         |       |       |     5 ||     5
 Armour: Leather armour    |     1 |       |       ||     1
         Plate armour      |    95 |   103 |   126 ||   324
  Dodge: Dodged            |    35 |    31 |    22 ||    88
  Block: Kite shield       |       |    57 |    72 ||   129
